[Event "Titled Tuesday Blitz May 25 2021"]
[White "Senft, Sean"]
[Black "Djordjevic, Vuk"]
[WhiteFideId "2044960"]
[BlackFideId "902098"]
[WhiteElo "1881"]
[BlackElo "2463"]
[Result "0-1"]
[Round "05"]
[TimeControl "180+1"]
[Date "2021.05.25"]
[WhiteClock "0:00:19"]
[BlackClock "0:00:11"]

1. d4 e6 2. c4 Nf6 3. Nc3 Bb4 4. Nf3 O-O 5. Bg5 d5 6. e3 c6 7. cxd5 cxd5 8. Bd3 Qa5 9. Qb3 Ne4 10. Rc1 Nd7 11. O-O Bxc3 12. bxc3 Nxg5 13. Nxg5 h6 14. Nf3 Nb6 15. Bb1 Bd7 16. Ne5 Ba4 17. Qb2 f6 18. Ng6 Rf7 19. Rfe1 Rc7 20. Nf4 Re8 21. Qd2 e5 22. Nh5 Nc4 23. Qe2 e4 24. Qg4 Qb6 25. f3 Nd2 26. Ng3 Nxb1 27. Rxb1 Qe6 28. Qg6 exf3 29. gxf3 Qf7 30. Qg4 Bc2 31. Rbc1 Rxc3 32. Nf5 Bxf5 33. Qxf5 Rexe3 34. Rxc3 Rxe1+ 35. Kf2 Re8 36. Qf4 Qe7 37. Rc7 Qe1+ 38. Kg2 Re2+ 39. Kh3 Re7 40. Rc8+ Kf7 41. Qf5 Qe6 42. Qxe6+ Kxe6 43. Kg4 g6 44. Rg8 h5+ 45. Kf4 g5+ 46. Ke3 Kf5+ 47. Kf2 Kf4 48. Ra8 Rc7 49. Rxa7 Rc2+ 50. Ke1 Kxf3 51. Rxb7 Rxa2 52. Rf7 Ke4 53. Rxf6 Rxh2 54. Rg6 Rg2 55. Kf1 Rg3 56. Kf2 h4 57. Ra6 Kxd4 58. Ra4+ Ke5 59. Ra8 d4 60. Re8+ Kf5 61. Rf8+ Kg6 62. Rg8+ Kh5 63. Rh8+ Kg4 64. Rd8 Rf3+ 65. Kg2 Rf4 66. Rd5 h3+ 67. Kg1 Kh4 68. Rd8 g4 69. Rh8+ Kg3 70. Ra8 Rf3 71. Ra1 d3 72. Kh1 Re3 73. Rg1+ Kh4 74. Rf1 d2 75. Kh2 g3+ 76. Kg1 Re1 77. Rxe1 dxe1=Q# 0-1


[Site "https://www.chess.com"]

[Event "Titled Tuesday Blitz May 25 2021"]
[White "Shapkin, Anatoliy"]
[Black "Salem, A.R. Saleh"]
[WhiteFideId "34108332"]
[BlackFideId "9301348"]
[WhiteElo "2223"]
[BlackElo "2659"]
[Result "1-0"]
[Round "05"]
[TimeControl "180+1"]
[Date "2021.05.25"]
[WhiteClock "0:00:13"]
[BlackClock "0:00:03"]

1. d4 d5 2. c4 e6 3. Nf3 Nf6 4. g3 Bb4+ 5. Bd2 Be7 6. Bg2 O-O 7. O-O c6 8. Qc2 Ne4 9. Bf4 g5 10. Bxb8 Rxb8 11. Nbd2 f5 12. Ne5 Bd6 13. Nxe4 dxe4 14. c5 Bc7 15. Rad1 Qf6 16. Qc3 h5 17. f3 exf3 18. Rxf3 Rd8 19. Rff1 h4 20. e4 hxg3 21. hxg3 Kg7 22. Nc4 b6 23. e5 Qh6 24. Nd6 bxc5 25. dxc5 Ba6 26. Rfe1 Rh8 27. Nxf5+ exf5 28. Rd7+ Kg6 29. Rxc7 Qh2+ 30. Kf2 f4 31. Qc2+ Kh6 32. Rh1 fxg3+ 33. Ke3 Qxh1 34. Bxh1 Rbc8 35. Rxc8 Bxc8 36. Qe4 Be6 37. Qxc6 Kh5 38. Qxe6 g2 39. Bxg2 1-0


[Site "https://www.chess.com"]

[Event "Titled Tuesday Blitz May 25 2021"]
[White "Shkapenko, Pavel"]
[Black "Ibadov, Dashgyn"]
[WhiteFideId "4151933"]
[BlackFideId "24107514"]
[WhiteElo "2722"]
[BlackElo "2557"]
[Result "1/2-1/2"]
[Round "05"]
[TimeControl "180+1"]
[Date "2021.05.25"]
[WhiteClock "0:00:13"]
[BlackClock "0:00:06"]

1. e4 e5 2. Nf3 Nc6 3. Bc4 Bc5 4. c3 Nf6 5. d4 exd4 6. b4 Be7 7. e5 Ne4 8. b5 d5 9. Bd3 Na5 10. cxd4 O-O 11. Nbd2 c5 12. Nxe4 dxe4 13. Bxe4 cxd4 14. Bd2 Nc4 15. O-O Be6 16. Bxb7 Rb8 17. Bc6 d3 18. Be3 Nxe3 19. fxe3 Bc5 20. Qd2 Qb6 21. Qxd3 Bxe3+ 22. Kh1 Rbd8 23. Qe4 g6 24. a4 Bf5 25. Qb4 Bd3 26. Rfd1 Be2 27. a5 Qc7 28. Rd6 Bxf3 29. Bxf3 Bc5 30. Qb1 Bxd6 31. b6 axb6 32. axb6 Qc3 33. exd6 Rxd6 34. b7 Rb8 35. Ra8 Rdd8 36. h3 Kg7 37. Qg1 Qe5 38. Qc1 h5 39. Kg1 h4 40. Kh1 Kh7 41. Qb1 Kg7 42. Qc1 Qg3 43. Qc3+ Kh7 44. Qc1 Re8 45. Ra1 Re5 46. Qc4 Kg7 47. Qd4 Re8 48. Rf1 Kh7 49. Bd5 Re1 50. Qc4 Rxf1+ 51. Qxf1 Re1 52. Bc4 Rxf1+ 53. Bxf1 Qc7 54. Ba6 Kg7 55. Kg1 f5 56. Kf1 Kf6 57. Ke2 g5 58. Kd3 Ke5 59. Ke3 Qb6+ 60. Kf3 Qb3+ 61. Ke2 f4 62. Kf2 Qe3+ 63. Kf1 Qb6 64. Ke2 Kd4 65. Kf3 Qb3+ 66. Kg4 Qb6 67. Kxg5 Ke3 68. Kg4 Qg6+ 69. Kxh4 Qf6+ 70. Kg4 Qg7+ 71. Kf5 Qf8+ 72. Ke5 Qb8+ 73. Kf5 Kf2 74. h4 Kxg2 75. h5 f3 76. h6 f2 77. Kg6 f1=Q 78. Bxf1+ Kxf1 79. h7 Kf2 80. Kg7 Qc7+ 81. Kg8 Qb8+ 82. Kg7 Qe5+ 83. Kg8 Qe8+ 84. Kg7 Qd7+ 85. Kg8 Qxb7 86. h8=Q Qb8+ 87. Kg7 Qxh8+ 88. Kxh8 1/2-1/2


[Site "https://www.chess.com"]

[Event "Titled Tuesday Blitz May 25 2021"]
[White "Shtyka, Sergey"]
[Black "Stoleriu, George"]
[WhiteFideId "4138465"]
[BlackFideId "1227505"]
[WhiteElo "2102"]
[BlackElo "2227"]
[Result "0-1"]
[Round "05"]
[TimeControl "180+1"]
[Date "2021.05.25"]
[WhiteClock "0:00:06"]
[BlackClock "0:00:08"]

1. e4 e6 2. Nf3 d5 3. e5 c5 4. b4 cxb4 5. a3 Nc6 6. axb4 Bxb4 7. c3 Ba5 8. d4 a6 9. Bd3 b5 10. O-O h6 11. Be3 Nge7 12. Qd2 b4 13. cxb4 Bxb4 14. Qe2 a5 15. Nbd2 O-O 16. Nb3 Nf5 17. Bxf5 exf5 18. Rfc1 Qb6 19. Nc5 Be6 20. h4 Rfc8 21. Ne1 Nxd4 22. Bxd4 Bxc5 23. Bxc5 Rxc5 24. Rcb1 Qc7 25. Nd3 Rc2 26. Qe3 a4 27. Ra3 Rc3 28. Rba1 Qc4 29. Qd2 Rxa3 30. Rxa3 Qxh4 31. Nf4 Qe7 32. Qa2 Qb4 33. Nxd5 Qb7 34. Rd3 Ra5 35. Nf6+ gxf6 36. Rg3+ Kh7 37. Qd2 Rxe5 38. Qd8 Qc8 39. Qxf6 Qh8 40. Qh4 f4 41. Qxf4 Rf5 42. Qxa4 Qf6 43. f3 Rg5 44. Rxg5 Qxg5 45. Qe4+ Qg6 46. Qb4 h5 47. Kf2 Qg5 48. Qd4 h4 49. Qe4+ Bf5 50. Qe5 Kg6 51. Qd6+ f6 52. Qd8 Be6 53. Qe8+ Bf7 54. Qe4+ Kh6 55. Qd4 Qe5 56. Qxh4+ Kg7 57. Qg4+ Kf8 58. Qb4+ Kg7 59. Qg4+ Bg6 60. Qb4 Qe6 61. Qb7+ Kh6 62. Qb2 Qe5 63. Qd2+ Qg5 64. Qd8 Bh7 65. Qf8+ Qg7 66. Qb4 Qa7+ 67. Kg3 Qe3 68. Qh4+ Kg6 69. Kh3 Qg5 70. Qe4+ Kh6 71. Qe7 Bf5+ 72. g4 Bh7 73. Qf8+ Qg7 74. Qc5 Bg6 75. Qe3+ Kh7 76. f4 Qh6+ 77. Kg3 Qg7 78. g5 f5 79. Qe6 Qf7 80. Qe5 Qb3+ 81. Kh4 Qf7 82. Qd4 Kg8 83. Qe5 Qh7+ 84. Kg3 Qg7 85. Qb8+ Kh7 86. Qb3 Bf7 87. Qe3 Qg6 88. Kh4 Qh5+ 89. Kg3 Qg4+ 90. Kf2 Kg6 91. Qe5 Kh7 92. Qf6 Qxf4+ 93. Kg2 Qg4+ 94. Kf2 Qf4+ 95. Kg2 Bd5+ 96. Kg1 Qg3+ 97. Kf1 Bc4# 0-1


[Site "https://www.chess.com"]

[Event "Titled Tuesday Blitz May 25 2021"]
[White "Sjugirov, Sanan"]
[Black "Aradhya, Garg"]
[WhiteFideId "4189302"]
[BlackFideId "25006746"]
[WhiteElo "2472"]
[BlackElo "2146"]
[Result "1-0"]
[Round "05"]
[TimeControl "180+1"]
[Date "2021.05.25"]
[WhiteClock "0:00:07"]
[BlackClock "0:00:05"]

1. e4 e5 2. Nf3 Nc6 3. Bb5 a6 4. Ba4 Nf6 5. d3 b5 6. Bb3 Bc5 7. c3 d6 8. Bg5 h6 9. Bh4 Qe7 10. Nbd2 Bd7 11. Nf1 g5 12. Bg3 Nh5 13. Ne3 Nxg3 14. hxg3 Bxe3 15. fxe3 Kf8 16. Qe2 Kg7 17. O-O-O a5 18. Rdf1 Raf8 19. Nd2 a4 20. Bc2 a3 21. b3 b4 22. c4 Nd8 23. Qh5 f6 24. Bd1 Ne6 25. Bg4 Be8 26. Qh2 Nc5 27. Kc2 c6 28. Bf5 Bf7 29. g4 d5 30. exd5 cxd5 31. cxd5 Bxd5 32. Kd1 Rd8 33. Ke2 Be6 34. Qh5 Bf7 35. Qh3 h5 36. Qf3 h4 37. Rc1 Bd5 38. Qf2 Be6 39. Bxe6 Nxe6 40. Ne4 Rhf8 41. Qf5 Qd7 42. Rhd1 Rc8 43. Rc4 Qe7 44. Rdc1 Rcd8 45. Rc6 Rfe8 46. Rf1 Qd7 47. Qxf6+ Kh7 48. Qf5+ Kh8 49. Qf6+ Kg8 50. Qg6+ Kh8 51. Qh6+ Qh7 52. Qxh7+ Kxh7 53. Nf6+ Kg7 54. Nxe8+ Rxe8 55. Rf5 h3 56. gxh3 Nd8 57. Rc7+ Kg6 58. Rd7 Rh8 59. Rd6+ Kg7 60. Rxg5+ Kf7 61. Rh5 Rxh5 62. gxh5 Ke7 63. Rg6 Nf7 64. Kf3 e4+ 65. Kxe4 Kf8 66. Rf6 Kg7 67. Rxf7+ Kxf7 68. Kd4 1-0


[Site "https://www.chess.com"]

[Event "Titled Tuesday Blitz May 25 2021"]
[White "SmirnovAlexandrA"]
[Black "Erdogdu, Mert"]
[BlackFideId "6301495"]
[WhiteElo "2369"]
[BlackElo "2485"]
[Result "0-1"]
[Round "05"]
[TimeControl "180+1"]
[Date "2021.05.25"]
[WhiteClock "0:00:14"]
[BlackClock "0:00:09"]

1. e4 c5 2. Nf3 d6 3. d4 cxd4 4. Nxd4 Nf6 5. Nc3 a6 6. Bg5 e6 7. f4 Qb6 8. Nb3 Nbd7 9. Qd2 Qc7 10. Bd3 b5 11. a3 Be7 12. O-O O-O 13. Rae1 h6 14. Bxf6 Bxf6 15. e5 dxe5 16. Ne4 Be7 17. fxe5 Nxe5 18. Re3 Ng4 19. Rg3 f5 20. Nf2 Bg5 21. Qe2 Nxf2 22. Rxf2 Bh4 23. Rff3 Bxg3 24. Rxg3 e5 25. Qh5 e4 26. Be2 Bb7 27. Qxh6 Rae8 28. Qh5 Qf7 29. Qg5 Qf6 30. Nc5 Qxg5 31. Rxg5 Bc8 32. c4 bxc4 33. Bxc4+ Kh7 34. Kf2 g6 35. Nxa6 Bxa6 36. Bxa6 Rb8 37. b4 Ra8 38. b5 Rxa6 39. bxa6 Rf6 40. Rg3 Rxa6 41. Rb3 Kh6 42. h4 Kh5 43. Kg3 Rf6 44. Rb5 Kh6 45. Kf4 Re6 46. Ke3 Rd6 47. Rb3 Kh5 48. Kf4 Rd2 49. g3 Rf2+ 50. Ke5 Rf3 51. Rb8 Rxg3 52. a4 Kxh4 53. a5 Ra3 54. Kf4 Rf3+ 55. Ke5 Kg4 56. a6 Ra3 57. Rb6 g5 58. Kd4 Ra4+ 59. Kc3 e3 60. Kb3 Ra5 61. Kb4 Ra1 62. Kc3 e2 63. Rb4+ f4 64. Ra4 Rxa4 0-1


[Site "https://www.chess.com"]

[Event "Titled Tuesday Blitz May 25 2021"]
[White "Solon, Nathan"]
[Black "Chernomordik, Pavel"]
[WhiteFideId "2017229"]
[BlackFideId "2804530"]
[WhiteElo "2651"]
[BlackElo "2299"]
[Result "0-1"]
[Round "05"]
[TimeControl "180+1"]
[Date "2021.05.25"]
[WhiteClock "0:00:16"]
[BlackClock "0:00:21"]

1. d4 g6 2. c4 Bg7 3. g3 d6 4. Bg2 Nf6 5. Nc3 O-O 6. Nf3 c6 7. O-O a6 8. e4 Nfd7 9. a4 a5 10. Be3 Na6 11. h3 Nb4 12. Qd2 Re8 13. Rad1 Qc7 14. Rfe1 e5 15. b3 b6 16. d5 c5 17. Nh2 Nf8 18. f4 exf4 19. Bxf4 Ba6 20. Nf3 Nd7 21. Rf1 Re7 22. Bg5 f6 23. Bf4 Rae8 24. h4 h5 25. Bh3 Nf8 26. g4 Qd7 27. Qg2 hxg4 28. Bxg4 f5 29. exf5 gxf5 30. Bh3 Kh8 31. Nb5 Bxb5 32. axb5 Re2 33. Qg5 Nh7 34. Qxf5 Qxf5 35. Bxf5 Rf8 36. Bxh7 Rxf4 37. Bb1 Nc2 38. Rd2 Rxd2 39. Nxd2 Bd4+ 40. Kg2 Ne3+ 41. Kg3 Nxf1+ 42. Kxf4 Nxd2 0-1


[Site "https://www.chess.com"]

[Event "Titled Tuesday Blitz May 25 2021"]
[White "Sorokin, Aleksey"]
[Black "Leitao, Rafael"]
[WhiteFideId "24176460"]
[BlackFideId "2101246"]
[WhiteElo "2476"]
[BlackElo "2609"]
[Result "1-0"]
[Round "05"]
[TimeControl "180+1"]
[Date "2021.05.25"]
[WhiteClock "0:00:57"]
[BlackClock "0:00:14"]

1. d4 Nf6 2. c4 g6 3. Nc3 Bg7 4. e4 d6 5. Nf3 O-O 6. Be2 e5 7. O-O exd4 8. Nxd4 Re8 9. f3 c6 10. Kh1 d5 11. cxd5 cxd5 12. Bg5 Nc6 13. Bb5 h6 14. Nxc6 bxc6 15. Bxc6 hxg5 16. Bxa8 d4 17. Nd5 Ba6 18. Nxf6+ Qxf6 19. Bd5 Bxf1 20. Qxf1 Rc8 21. Qd3 Qf4 22. g3 Qe3 23. Qxe3 dxe3 24. Re1 Bd4 25. Re2 Rc1+ 26. Kg2 Rb1 27. b3 Kg7 28. f4 g4 29. Bc4 f5 30. exf5 gxf5 31. Bd3 Rd1 32. Bxf5 Kf6 33. Bxg4 Bb6 34. Kf3 Rf1+ 35. Ke4 Rc1 36. Bd7 Rd1 37. Bb5 Rd4+ 38. Kf3 Rd1 39. g4 Rf1+ 40. Ke4 Bc7 41. g5+ Kg7 42. Rc2 Rxf4+ 43. Kxe3 Be5 44. Rc5 Bd6 45. Rd5 Bb8 46. Bd3 Rf7 47. h4 Re7+ 48. Kf3 Rf7+ 49. Bf5 Rc7 50. Rd7+ 1-0


[Site "https://www.chess.com"]

[Event "Titled Tuesday Blitz May 25 2021"]
[White "Srihari L R"]
[Black "Principe, Gerson"]
[WhiteFideId "46617116"]
[BlackFideId "3804550"]
[WhiteElo "2733"]
[BlackElo "2547"]
[Result "1-0"]
[Round "05"]
[TimeControl "180+1"]
[Date "2021.05.25"]
[WhiteClock "0:00:17"]
[BlackClock "0:00:04"]

1. d4 Nf6 2. Bg5 e6 3. Nd2 d5 4. e3 Be7 5. Bd3 Nbd7 6. f4 h6 7. Bh4 c5 8. c3 b6 9. Ngf3 Bb7 10. Ne5 O-O 11. O-O Ne4 12. Bxe7 Qxe7 13. Qe2 Nxd2 14. Qxd2 a6 15. Rf3 Nf6 16. Raf1 Rac8 17. Qe2 b5 18. Rg3 b4 19. Ng4 Nxg4 20. Qxg4 f5 21. Qg6 Rf6 22. Qh5 cxd4 23. cxd4 Kh8 24. Rh3 Kg8 25. g4 fxg4 26. Qxg4 Kh8 27. Kh1 Rcf8 28. Rg1 Bc8 29. Qh4 Qf7 30. Rhg3 Rg8 31. Rg6 Rxg6 32. Rxg6 Rf8 33. Qe1 a5 34. Rg3 Bd7 35. Rg2 Be8 36. Qg3 Qf6 37. Rc2 Bh5 38. Rc7 Bf7 39. Rc6 Bh5 40. f5 Qf7 41. Rxe6 1-0


[Site "https://www.chess.com"]

[Event "Titled Tuesday Blitz May 25 2021"]
[White "Srisshhhtea"]
[Black "Pert, Richard G"]
[BlackFideId "404748"]
[WhiteElo "2433"]
[BlackElo "2441"]
[Result "0-1"]
[Round "05"]
[TimeControl "180+1"]
[Date "2021.05.25"]
[WhiteClock "0:01:13"]
[BlackClock "0:00:57"]

1. d4 d5 2. c4 e6 3. Nc3 c5 4. cxd5 cxd4 5. Qxd4 Nc6 6. Qd1 exd5 7. Qxd5 Qc7 8. Nf3 Nf6 9. Qd1 Be6 10. e3 a6 11. Be2 Bd6 12. O-O O-O 13. h3 Rfd8 14. Qa4 b5 15. Qh4 h6 16. b3 Ne5 17. Bb2 Ng6 18. Qd4 Bh2+ 19. Nxh2 Rxd4 20. exd4 b4 21. Na4 Qc2 22. Bf3 Rd8 23. Rac1 Qf5 24. Nc5 Bd5 25. Bg4 Nxg4 26. Nxg4 Nf4 27. f3 Ne2+ 28. Kf2 Nxc1 29. Rxc1 Qf4 30. Nd3 Qd2+ 31. Kg3 Qxd3 32. Ne5 Qd2 0-1


[Site "https://www.chess.com"]

[Event "Titled Tuesday Blitz May 25 2021"]
[White "Starozhilov, Leonid"]
[Black "Sergey85Rodchenkov"]
[WhiteFideId "14106752"]
[WhiteElo "2715"]
[BlackElo "2524"]
[Result "1-0"]
[Round "05"]
[TimeControl "180+1"]
[Date "2021.05.25"]
[WhiteClock "0:00:07"]
[BlackClock "0:00:09"]

1. e4 c5 2. Nf3 d6 3. Bb5+ Nd7 4. O-O Nf6 5. Re1 a6 6. Bxd7+ Nxd7 7. c3 g6 8. d4 Bg7 9. Bg5 O-O 10. d5 h6 11. Bh4 g5 12. Bg3 b5 13. Nbd2 b4 14. Rc1 bxc3 15. bxc3 Rb8 16. h3 Rb2 17. Nc4 Rb5 18. a4 Rb8 19. e5 dxe5 20. Nfxe5 Nxe5 21. Bxe5 Rb7 22. Bxg7 Kxg7 23. a5 Bf5 24. Nb6 Qd6 25. Qe2 Qf6 26. c4 e6 27. d6 Rd8 28. Rcd1 Kg8 29. Qe3 Bc2 30. Rd2 Bg6 31. Qxc5 Qc3 32. Rde2 Qd3 33. Qc6 Rbb8 34. c5 Qc3 35. Re5 Qxa5 36. Qc7 Qc3 37. d7 Bf5 38. c6 Qb4 39. Nc8 Rf8 40. Nd6 Rbd8 41. Nxf5 exf5 42. Re8 Rxd7 43. cxd7 1-0


[Site "https://www.chess.com"]

[Event "Titled Tuesday Blitz May 25 2021"]
[White "Tari, Aryan"]
[Black "Madaminov, Mukhiddin"]
[WhiteFideId "1510045"]
[BlackFideId "14210703"]
[WhiteElo "2656"]
[BlackElo "1747"]
[Result "0-1"]
[Round "05"]
[TimeControl "180+1"]
[Date "2021.05.25"]
[WhiteClock "0:00:02"]
[BlackClock "0:00:18"]

1. c4 e5 2. Nc3 Nc6 3. g3 Bc5 4. Bg2 d6 5. e3 a6 6. Nge2 Ba7 7. d4 Nf6 8. O-O h5 9. h3 Bf5 10. d5 Ne7 11. e4 Bg6 12. Be3 Bxe3 13. fxe3 h4 14. g4 Nh7 15. b4 Ng5 16. c5 Kf8 17. Kh2 Ng8 18. Nf4 Nf6 19. Nxg6+ fxg6 20. Qd3 Kg8 21. cxd6 cxd6 22. Rac1 Rc8 23. Ne2 Kf7 24. Ng1 Qd7 25. Nf3 Nxf3+ 26. Bxf3 Rxc1 27. Rxc1 Rc8 28. Qf1 g5 29. Be2 Ke7 30. b5 axb5 31. Bd3 b6 32. Qe1 Rc5 33. Rb1 Qa7 34. Qe2 Qa4 35. Qf2 Rc3 36. Rb3 Rxb3 37. axb3 Qxb3 38. Bf1 g6 39. Qe1 b4 40. Qa1 Qa3 41. Qe1 Qc3 42. Qb1 b3 43. Bd3 Nd7 44. Qf1 Nc5 45. Bb1 Qxe3 46. Qb5 Qd2+ 47. Kh1 Qc1+ 48. Kh2 Qb2+ 49. Kh1 Qxb1+ 50. Kh2 Qc2+ 0-1


[Site "https://www.chess.com"]

[Event "Titled Tuesday Blitz May 25 2021"]
[White "Terry, Renato"]
[Black "Woodward, Andy"]
[WhiteFideId "3803457"]
[BlackFideId "30953499"]
[WhiteElo "2581"]
[BlackElo "2615"]
[Result "1-0"]
[Round "05"]
[TimeControl "180+1"]
[Date "2021.05.25"]
[WhiteClock "0:00:10"]
[BlackClock "0:00:12"]

1. d4 d5 2. Bg5 Nf6 3. Bxf6 exf6 4. e3 c6 5. c4 dxc4 6. Bxc4 Bd6 7. Nc3 O-O 8. Qc2 a6 9. Nf3 h6 10. O-O Nd7 11. Ne4 Be7 12. Nh4 Nb6 13. Ng6 Nxc4 14. Qxc4 Be6 15. Nxe7+ Qxe7 16. Qc5 Qc7 17. Rfc1 Rad8 18. Nc3 Qb8 19. Qb6 f5 20. Ne2 Rd5 21. Rc5 Rfd8 22. Nf4 Rxc5 23. Qxc5 Qd6 24. b4 g5 25. Nd3 Qc7 26. Qe5 Qxe5 27. Nxe5 a5 28. Rb1 Ra8 29. bxa5 Rxa5 30. Rxb7 Rxa2 31. h4 Bd5 32. Rc7 Rc2 33. hxg5 hxg5 34. Nd3 Rd2 35. Nb4 Rd1+ 36. Kh2 Rb1 37. Nxd5 cxd5 38. Rc5 Kg7 39. Rxd5 Kg6 40. Kg3 f6 41. Kf3 Rb3 42. g3 g4+ 43. Kg2 Rb2 44. Ra5 Rd2 45. Kf1 Rb2 46. Ra1 Rd2 47. Ke1 Rb2 48. Rd1 Kf7 49. Rd2 Rb8 50. Rc2 Ke6 51. Ke2 Kd6 52. Ra2 Rb6 53. Kd3 Rb3+ 54. Kc4 Rb6 55. d5 Ke5 56. Kc5 Rb1 57. Rd2 Rc1+ 58. Kb5 Kd6 59. Kb4 Rc5 60. Rd4 Rc2 61. Rf4 Ke5 62. d6 Rd2 63. Kc5 Rd5+ 64. Kc4 Rxd6 65. Rd4 Rxd4+ 66. exd4+ Kd6 67. d5 f4 68. gxf4 Kc7 69. Kc5 f5 70. d6+ Kd8 71. Kd5 Kd7 72. Ke5 Kc6 73. Ke6 g3 74. fxg3 Kc5 75. d7 Kd4 76. d8=Q+ Ke4 77. Qg5 Kf3 78. Qxf5 Kg2 79. Qe5 Kh3 80. f5 Kg2 81. f6 Kh2 82. f7 Kh3 83. f8=Q Kg4 84. Qff5# 1-0


[Site "https://www.chess.com"]

[Event "Titled Tuesday Blitz May 25 2021"]
[White "Timmermans, Mark"]
[Black "Maevsky, Nikolay"]
[WhiteFideId "1026399"]
[BlackFideId "4198220"]
[WhiteElo "2460"]
[BlackElo "2282"]
[Result "1/2-1/2"]
[Round "05"]
[TimeControl "180+1"]
[Date "2021.05.25"]
[WhiteClock "0:00:30"]
[BlackClock "0:00:11"]

1. b4 e5 2. Bb2 Bxb4 3. Bxe5 Nf6 4. Nc3 Nc6 5. Bxf6 Qxf6 6. Nd5 Qd6 7. c4 Ba5 8. Nf3 O-O 9. e3 Ne7 10. Nxe7+ Qxe7 11. Be2 d6 12. O-O c6 13. d4 Re8 14. Bd3 Bg4 15. Rb1 Rab8 16. h3 Bh5 17. d5 cxd5 18. Rb5 Bxf3 19. Qxf3 dxc4 20. Bxc4 Bb6 21. a4 Bc5 22. Rfb1 b6 23. a5 Rbd8 24. axb6 axb6 25. Bd5 g6 26. Ra1 Kg7 27. Ra4 Qf6 28. Rf4 Qa1+ 29. Kh2 f6 30. Bb3 Qe5 31. g3 Re7 32. Ra4 h5 33. Kg2 d5 34. h4 f5 35. Ra2 Red7 36. Rd2 Rd6 37. Bc2 Ra8 38. Bb3 Rad8 39. Bc2 R8d7 40. Rb3 Ra7 41. Rbd3 Rad7 42. Bb3 d4 43. exd4 Rxd4 44. Rxd4 Rxd4 45. Re2 Re4 46. Rd2 Qe7 47. Bd5 Rd4 48. Rxd4 Bxd4 49. Qd3 Qe5 50. Bb3 Qe4+ 51. Qxe4 fxe4 52. Bd5 e3 53. fxe3 Bxe3 54. Bf3 Kf6 55. g4 hxg4 56. Bxg4 b5 57. Bd1 b4 58. Kh3 Bf4 59. Kg4 Bd2 60. h5 gxh5+ 61. Kxh5 Ke5 62. Ba4 Kd4 63. Bb3 Kc3 64. Ba4 b3 65. Bxb3 1/2-1/2


[Site "https://www.chess.com"]

[Event "Titled Tuesday Blitz May 25 2021"]
[White "Timofeev, Artyom"]
[Black "Indjic, Aleksandar"]
[WhiteFideId "4140419"]
[BlackFideId "911925"]
[WhiteElo "2582"]
[BlackElo "2643"]
[Result "0-1"]
[Round "05"]
[TimeControl "180+1"]
[Date "2021.05.25"]
[WhiteClock "0:00:08"]
[BlackClock "0:00:42"]

1. c4 e6 2. Nf3 b6 3. b3 Bb7 4. e3 f5 5. Bb2 Nf6 6. Be2 g6 7. Nc3 Bg7 8. Qc2 O-O 9. h4 h6 10. Ne5 Qe8 11. Bf3 c6 12. O-O-O d6 13. Nd3 e5 14. Be2 Nbd7 15. f4 b5 16. cxb5 cxb5 17. Nxb5 Rc8 18. Nc3 Ne4 19. Kb1 Ng3 20. Rhe1 Nxe2 21. Rxe2 a5 22. Nc1 a4 23. bxa4 Nc5 24. Nd3 Ne4 25. Qb3+ Rf7 26. Rc1 Nxc3+ 27. Rxc3 Rb8 28. Qb5 Qd8 29. Qc4 Be4 30. Ka1 d5 31. Qc5 d4 32. exd4 exd4 33. Ra3 Rc7 34. Rxe4 fxe4 0-1


[Site "https://www.chess.com"]

[Event "Titled Tuesday Blitz May 25 2021"]
[White "Titus, Andrew"]
[Black "Borsuk, Konstantin"]
[WhiteFideId "2059770"]
[BlackFideId "14113406"]
[WhiteElo "2044"]
[BlackElo "2363"]
[Result "0-1"]
[Round "05"]
[TimeControl "180+1"]
[Date "2021.05.25"]
[WhiteClock "0:00:47"]
[BlackClock "0:01:32"]

1. e4 e6 2. d4 d5 3. Nd2 Nf6 4. e5 Nfd7 5. Bd3 c5 6. c3 Nc6 7. Ne2 b6 8. f4 cxd4 9. cxd4 Nb4 10. Bb1 Ba6 11. O-O g6 12. a3 Nd3 13. Rf3 Nxc1 14. Nxc1 h5 15. Nd3 Rc8 16. Nf2 Qc7 17. Rc3 Qb7 18. Bd3 Rxc3 19. bxc3 Be7 20. Qa4 Bxd3 21. Nxd3 b5 22. Qb3 O-O 23. a4 a6 24. axb5 axb5 25. Qa2 Qc6 26. Qb3 Rc8 27. Rc1 Nb6 28. Nb4 Bxb4 29. Qxb4 Na4 30. Nb1 Qc4 31. Qxc4 Rxc4 32. Kf2 b4 33. Ke3 bxc3 34. Kd3 Nb2+ 35. Ke3 c2 36. Nd2 Rc3+ 37. Ke2 Nd3 38. Rxc2 Rxc2 39. Kxd3 Ra2 40. g3 h4 41. Ke2 h3 42. Ke3 g5 43. fxg5 Kg7 44. Nf3 Kg6 45. Kf4 Kh5 46. g4+ Kg6 47. Nh4+ Kg7 48. Nf3 Ra3 49. Kg3 Kf8 50. Kf4 Ke7 51. Nh4 Rd3 52. Nf3 Kd7 53. Kg3 Kc6 54. Kf4 Kb5 55. g6 fxg6 56. Ng5 Rxd4+ 57. Kg3 Rd3+ 58. Kf4 Rd2 59. Nxe6 Rxh2 60. Nd4+ Kc4 61. Nf3 Re2 62. Kg3 h2 63. Nxh2 Rxe5 64. Nf3 Re3 65. Kf4 Rxf3+ 66. Kxf3 d4 67. Ke2 Kc3 68. Kd1 Kd3 69. g5 Ke3 70. Ke1 d3 71. Kd1 d2 72. Kc2 Ke2 73. Kc3 d1=Q 74. Kc4 Qd3+ 75. Kc5 Ke3 76. Kc6 Ke4 77. Kc7 Qd5 78. Kc8 0-1


[Site "https://www.chess.com"]

[Event "Titled Tuesday Blitz May 25 2021"]
[White "Triapishko, Alexandr"]
[Black "Devaev, Alexander"]
[WhiteFideId "14122286"]
[BlackFideId "4169395"]
[WhiteElo "2490"]
[BlackElo "2185"]
[Result "1-0"]
[Round "05"]
[TimeControl "180+1"]
[Date "2021.05.25"]
[WhiteClock "0:00:03"]
[BlackClock "0:00:04"]

1. c4 c5 2. Nc3 e6 3. Nf3 Nf6 4. g3 Be7 5. Bg2 O-O 6. O-O Nc6 7. d4 cxd4 8. Nxd4 Ne5 9. b3 d6 10. Bb2 a6 11. Rc1 Qc7 12. h3 Rb8 13. f4 Ng6 14. e4 Re8 15. g4 h6 16. Qd2 Bf8 17. g5 hxg5 18. fxg5 Nd7 19. Qf2 Nde5 20. Qg3 b5 21. cxb5 Qa7 22. Rcd1 axb5 23. Kh1 b4 24. Nce2 d5 25. h4 Bd6 26. Nc6 Nxc6 27. Qxd6 Qd7 28. Qxd7 Bxd7 29. h5 Nh4 30. Bh3 Ne7 31. Rf4 Bc6 32. Rxh4 dxe4 33. h6 Ng6 34. Rh5 gxh6 35. Rxh6 Rbd8 36. Rxd8 Rxd8 37. Bf6 Rd2 38. Nf4 e3+ 39. Kg1 e2 40. Nxe2 Rxe2 41. Bf1 Re4 42. Bd3 Rg4+ 43. Kf2 Be4 44. Bxe4 Rxe4 45. Kf3 Re1 46. Kf2 Ra1 47. Ke3 Rxa2 48. Kd4 Ra3 49. Kc4 Ra1 50. Rh3 Rc1+ 51. Kxb4 e5 52. Kb5 Rd1 53. b4 e4 54. Kc4 Kf8 55. b5 Ke8 56. Re3 Kd7 57. Rxe4 Rc1+ 58. Kd5 Rb1 59. Kc5 Rc1+ 60. Kb6 Kd6 61. Rd4+ Ke6 62. Kb7 Nf8 63. b6 Nd7 64. Re4+ Kd5 65. Rd4+ Ke6 66. Bd8 Nc5+ 67. Kb8 Na6+ 68. Ka7 Nc5 69. Bc7 Ra1+ 70. Kb8 Nd7+ 71. Kc8 Rc1 72. Rd6+ Ke7 73. Rxd7+ Ke6 74. b7 Ra1 75. b8=Q Ra8 76. Qxa8 f5 77. Qd5# 1-0


[Site "https://www.chess.com"]

[Event "Titled Tuesday Blitz May 25 2021"]
[White "Turzo, Attila"]
[Black "Nazaretyan, Tigran"]
[WhiteFideId "704954"]
[BlackFideId "24162345"]
[WhiteElo "2509"]
[BlackElo "2247"]
[Result "1-0"]
[Round "05"]
[TimeControl "180+1"]
[Date "2021.05.25"]
[WhiteClock "0:00:28"]
[BlackClock "0:00:07"]

1. d4 Nf6 2. Nf3 d6 3. Bg5 Nbd7 4. Nbd2 h6 5. Bh4 g5 6. Bg3 Nh5 7. e4 Bg7 8. c3 c5 9. dxc5 Nxc5 10. Bb5+ Bd7 11. Bxd7+ Qxd7 12. O-O Nxg3 13. hxg3 Qb5 14. Qc2 O-O 15. Nb3 Qd3 16. Qxd3 Nxd3 17. Rab1 b6 18. Rfd1 Nc5 19. Re1 Rac8 20. Rbd1 Na4 21. Re2 Rc4 22. Nbd4 Rc5 23. Nf5 Re8 24. N3d4 Bf8 25. f4 e6 26. Ne3 Bg7 27. Nb3 Rc6 28. Nd4 Rc5 29. Kf2 d5 30. exd5 exd5 31. Ndf5 Rb5 32. Nd6 Rxe3 33. Nxb5 Rxe2+ 34. Kxe2 Nxb2 35. Rxd5 a6 36. Rd8+ Kh7 37. Nd4 Na4 38. Kd3 Nc5+ 39. Ke3 Na4 40. Rc8 b5 41. f5 Nb2 42. g4 Nc4+ 43. Rxc4 bxc4 44. Ke4 Bf8 45. Kd5 Kg7 46. Kxc4 Kf6 47. Kd5 Ba3 48. c4 Ke7 49. c5 Kd7 50. Nc6 f6 51. Nb8+ Kc7 52. Nc6 Bb2 53. Nd4 Bxd4 54. Kxd4 Kc6 55. Kc4 a5 56. a4 1-0


[Site "https://www.chess.com"]

[Event "Titled Tuesday Blitz May 25 2021"]
[White "Urazayev, Arystanbek"]
[Black "Ozkan, Ervin"]
[WhiteFideId "13709810"]
[BlackFideId "6306004"]
[WhiteElo "2719"]
[BlackElo "2570"]
[Result "0-1"]
[Round "05"]
[TimeControl "180+1"]
[Date "2021.05.25"]
[WhiteClock "0:00:19"]
[BlackClock "0:01:39"]

1. d4 Nf6 2. c4 g6 3. Nc3 d5 4. Nf3 Bg7 5. h4 h5 6. cxd5 Nxd5 7. e4 Nxc3 8. bxc3 c5 9. Rb1 O-O 10. Be2 Nc6 11. Be3 cxd4 12. cxd4 Qa5+ 13. Qd2 Qxd2+ 14. Kxd2 Rd8 15. Kc3 Bg4 16. Rxb7 Rac8 17. Kd2 Bxf3 18. Bxf3 Nxd4 19. Ke1 Nc2+ 20. Ke2 Nxe3 21. Rhb1 Rc2+ 0-1


[Site "https://www.chess.com"]